 Dungeon Crawl Stone Soup version 0.28.0-45-g0d030f2227 (webtiles) character file.

Game seed: 10996687003181830117

68 101zpm the Skirmisher (level 4, 0/29 HPs)
             Began as a Gargoyle Fighter on Apr 4, 2022.
             Killed from afar by an orc wizard (3 damage)
             ... with a puff of flame
             ... on level 3 of the Dungeon.
             The game lasted 00:01:36 (672 turns).

101zpm the Skirmisher (Gargoyle Fighter)             Turns: 672, Time: 00:01:36

Health: 0/29       AC: 11    Str: 21    XL:     4   Next: 19%
Magic:  4/4        EV:  9    Int:  9    God:
Gold:   59         SH:  4    Dex:  9    Spells: 3/3 levels left

rFire   . . .      SeeInvis .   g - +1 whip (freeze)
rCold   . . .      Faith    .   c - +0 buckler
rNeg    + . .      Spirit   .   b - +0 scale mail
rPois   ∞          Reflect  .   (no helmet)
rElec   +          Harm     .   (no cloak)
rCorr   .          Rampage  .   (no gloves)
Will    .....                   f - +0 pair of boots
Stlth   ..........              (no amulet)
HPRegen 0.09/turn               (no ring)
MPRegen 0.09/turn               (no ring)

@: mighty
A: sickness immunity, AC +3, negative energy resistance 1, electricity
resistance, torment resistance 1, petrification resistance
a: no special abilities


You were on level 3 of the Dungeon.
You visited 1 branch of the dungeon, and saw 3 of its levels.

You collected 59 gold pieces.

Inventory:

Hand Weapons
 a - a +0 flail
 g - a +1 whip of freezing (weapon)
Armour
 b - a +0 scale mail (worn)
 c - a +0 buckler (worn)
 f - a +0 pair of boots (worn)
Scrolls
 e - a scroll of teleportation {unknown}
Potions
 d - a potion of might
 h - a potion of degeneration {unknown}
 i - a potion of magic {unknown}


   Skills:
 + Level 4.0 Fighting
 + Level 2.8 Maces & Flails
 + Level 3.8 Armour
 + Level 0.3 Dodging
 + Level 3.7 Shields


You had 3 spell levels left.
You didn't know any spells.
Your spell library contained the following spells:

 Spells                   Type           Power      Damage    Failure   Level
 Frozen Ramparts          Ice            0%         1d2       99%         3
 Ice Form                 Ice/Tmut       0%         N/A       100%        4
 Summon Ice Beast         Ice/Summ       0%         N/A       100%        4


Dungeon Overview and Level Annotations

Branches:
Dungeon (3/15)

Altars:


Innate Abilities, Weirdness & Mutations

You are immune to sickness and miasma.
Your stone body is resilient. (AC +3)
You are immune to poison.
You resist negative energy. (rN+)
You are resistant to electric shocks. (rElec)
You are resistant to unholy torment.
You are immune to petrification.


Message History

The orc priest is heavily wounded.
The orc priest hits you but does no damage.
The orc hits you but does no damage. x2; Something hits you.
You block the orc priest's attack.
You whack the orc priest! You freeze the orc priest.
You kill the orc priest!
The orc hits you but does no damage. The orc closely misses you.
Something hits you but does no damage.
Your Fighting skill increases to level 4!
You have reached level 4!
You feel clever.
You barely miss the orc. The orc closely misses you. The orc barely misses you.
Something hits you but does no damage. x2
You closely miss the orc. The orc hits you but does no damage.
The orc hits you with a +0 flail.
* * * LOW HITPOINT WARNING * * *
Something hits you but does no damage.
You barely miss the orc. The orc hits you with a +0 club.
* * * LOW HITPOINT WARNING * * *
You block the orc's attack. Something hits you but does no damage.
You hear some strange, mumbled words.
A puff of flame appears from out of thin air!
The puff of flame hits you.
* * * LOW HITPOINT WARNING * * *
You hit the orc. You freeze the orc.
The orc is severely wounded.
You block the orc's attack. x2; Something hits you but does no damage.
You whack the orc! You freeze the orc.
You kill the orc!
The orc barely misses you. Something hits you but does no damage.
You whack the orc! You freeze the orc.
You kill the orc!
Something hits you.
* * * LOW HITPOINT WARNING * * *
You whack something! You freeze something.
Something hits you but does no damage.
You hear some strange, mumbled words.
A puff of flame appears from out of thin air!
The puff of flame hits you.
You die...

#...... #.....
#..... #....###
#......###
##........##
#..........#
###..{@......##
......))<.......
................
.###............
#..##.........
...# ###.##....
#.#. .# ..#. #.#
#. ... . ..


There were no monsters in sight!

Vanquished Creatures
  An orc priest (D:3)
  An adder (D:3)
  2 orcs (D:3)
  3 endoplasms (D:1)
  A giant cockroach (D:1)
  2 goblins (D:1)
  6 hobgoblins
  2 kobolds (D:1)
  2 quokkas (D:1)
  3 bats (D:1)
  A frilled lizard (D:2)
  3 rats (D:1)
27 creatures vanquished.

Notes
Turn   | Place    | Note
-------+----------+-------------------------------------------
     0 | D:1      | 101zpm the Gargoyle Fighter began the quest for the Orb.
     0 | D:1      | Reached XP level 1. HP: 14/14 MP: 1/1
   180 | D:1      | Reached XP level 2. HP: 19/19 MP: 2/2
   358 | D:1      | Found a faded altar of an unknown god.
   376 | D:1      | Reached XP level 3. HP: 21/24 MP: 3/3
   666 | D:3      | Reached skill level 4 in Fighting
   666 | D:3      | Reached XP level 4. HP: 10/29 MP: 4/4
   672 | D:3      | Killed from afar by an orc wizard

Illustrated notes

Levels and vault maps discovered:
D:1:      scummos_arrival_simple_fountains, layout_basic,
          shapermc_ecumenical_altar_pompeii
D:2:      layout_basic, nicolae_concentric_dashed_squares_mild,
          minmay_lizard_king
D:3:      layout_rooms, minmay_overflow_temple_star_quad,
          uniq_crazy_yiuf_cottage, uniq_ijyb, uniq_sigmund

Skill      XL: |  1  2  3 |
---------------+----------+-----
Fighting       | 4 |  4.0
Maces & Flails | |  2.8
Armour         | |  3.8
Dodging        | |  0.3
Shields        | |  3.7

Action                   |  1- 3 |  4- 6 || total
-------------------------+-------+-------++-------
Melee: Flail             |    25 |       ||    25
       Whip              |    61 |     7 ||    68
  Use: Potion            |     1 |       ||     1
Armor: Scale mail        |    71 |     8 ||    79
Dodge: Dodged            |    47 |     3 ||    50
Block: Buckler           |    21 |     3 ||    24
